 Dungeon Crawl Stone Soup version 0.27.0-1-g7a089689b8 (webtiles) character file.

Game seed: 2206620783193370166

149 ZARRMARR the Chopper (level 5, -2/47 HPs)
             Began as a Hill Orc Monk on Aug 8, 2021.
             Succumbed to a gnoll's poison
             ... on level 2 of the Dungeon.
             The game lasted 00:12:02 (2517 turns).

ZARRMARR the Chopper (Hill Orc Monk)                Turns: 2517, Time: 00:12:03

Health: -2/47      AC: 10    Str: 15    XL:     5   Next: 31%
Magic:  5/5        EV: 12    Int: 10    God:
Gold:   104        SH:  0    Dex: 13    Spells: 4/4 levels left

rFire    . . .     SeeInvis .   a - +0 hand axe
rCold    + . .     Faith    .   (no shield)
rNeg     . . .     Spirit   .   b - +0 robe
rPois    .         Reflect  .   m - +0 helmet
rElec    .         Harm     .   j - +0 cloak
rCorr    .         Rampage  .   r - +0 pair of gloves
Will     .....                  f - +0 pair of boots
Stlth    ++........             q - amulet of regeneration
HPRegen  1.15/turn              c - +4 ring of protection
MPRegen  0.09/turn              l - ring of protection from cold

@: lethally poisoned (-2 -> -24)
A: no striking features
a: no special abilities


You were on level 2 of the Dungeon.
You visited 1 branch of the dungeon, and saw 3 of its levels.

You collected 104 gold pieces.

Inventory:

Hand Weapons
 a - a +0 hand axe (weapon)
 d - a +0 club
 o - a +2 hunting sling of flaming
Missiles
 k - 51 stones (quivered)
 v - 6 atropa-tipped darts
Armour
 b - a +0 robe (worn)
 f - a +0 pair of boots (worn)
 j - a +0 cloak (worn)
 m - a +0 helmet (worn)
 r - a +0 pair of gloves (worn)
Jewellery
 c - a +4 ring of protection (left hand)
 l - a ring of protection from cold (right hand)
 q - an amulet of regeneration (around neck)
Scrolls
 e - 2 scrolls of enchant weapon
 p - a scroll of silence
 t - a scroll of amnesia {unknown}
 w - a scroll of teleportation
Potions
 g - 3 potions of lignification
 h - a potion of haste {unknown}
 i - a potion of might {unknown}
 n - a potion of attraction {unknown}
 s - a potion of heal wounds {unknown}
 u - a potion of curing {unknown}


   Skills:
 + Level 4.4 Fighting
 + Level 5.9 Axes
 + Level 1.1 Throwing
 + Level 3.0 Dodging
 + Level 2.1 Stealth


You had 4 spell levels left.
You didn't know any spells.
Your spell library contained the following spells:

 Spells                   Type           Power      Damage    Failure   Level
 Ensorcelled Hibernation  Hex/Ice        0%         N/A       50%         2
 Slow                     Hex            0%         N/A       50%         2
 Confusing Touch          Hex            0%         N/A       75%         3
 Spider Form              Tmut/Pois      0%         N/A       75%         3
 Yara's Violent Unravell  Hex/Tmut       0%         3d3       100%        5
 Shadow Creatures         Summ           N/A        N/A       100%        6


Dungeon Overview and Level Annotations

Branches:
Dungeon (3/15)

Altars:
Hepliaklqana
Qazlal

Annotations:
D:3 3 runed translucent doors, sasquatch's ghost, amateur GrFi


Message History

You kill the hobgoblin!
You feel very sick.
You feel sick.
You see here a hobgoblin corpse.
You start resting.
You feel sick. x6
You are no longer poisoned.
You start resting.
HP restored.
Unknown command.
Unknown command.
There is a stone staircase leading down here.
You climb downwards.
Level annotation: 3 runed translucent doors, sasquatch's ghost, amateur GrFi
There is a stone staircase leading up here.
Throw: 52 stones
Press: ? - help, Q - select action, (/) - cycle Shift-Dir - straight line, f - gnoll
Aim: a gnoll, wielding a +0 halberd of venom (63% to hit)
You throw a stone. The stone closely misses the gnoll.
Unknown command.
The gnoll hits you with a +0 halberd of venom.
You are poisoned.
You hit the gnoll.
The gnoll is moderately wounded.
You feel very sick.
The gnoll hits you with a +0 halberd of venom.
You are more poisoned.
You hit the gnoll but do no damage.
The gnoll is moderately wounded.
You feel very sick.
The gnoll hits you with a +0 halberd of venom!
You are more poisoned.
You feel very sick. The gnoll completely misses you.
There is a stone staircase leading up here.
You feel very sick.
The gnoll hits you from afar with a +0 halberd of venom!
* * * LOW HITPOINT WARNING * * *
You are more poisoned.
You climb upwards.
You die...

######## #......#
#......# #......#
#......# #....###
#####....############
#..†@......).........
#.##.....############
#.##.....# #.##.....#
#.##.....#
#.##.#############
#.##.............####
#.##.................
#.###............####


There were no monsters in sight!

Vanquished Creatures
  A phantom (D:3)
  2 gnolls (D:3)
  An adder (D:2)
  A dart slug (D:1)
  An orc (D:3)
  An endoplasm (D:3)
  A giant cockroach (D:1)
  5 goblins
  4 hobgoblins
  4 jackals (D:1)
  5 kobolds
  3 quokkas
  3 ball pythons
  10 bats
  A frilled lizard (D:2)
  3 rats
46 creatures vanquished.

Vanquished Creatures (others)
  3 plants (D:3)
3 creatures vanquished.

Grand Total: 49 creatures vanquished

Notes
Turn   | Place    | Note
-------+----------+-------------------------------------------
     0 | D:1      | ZARRMARR the Hill Orc Monk began the quest for the Orb.
     0 | D:1      | Reached XP level 1. HP: 19/19 MP: 1/1
     1 | D:1      | Noticed an electric eel
   205 | D:1      | Reached XP level 2. HP: 19/27 MP: 2/2
   542 | D:1      | Reached XP level 3. HP: 30/33 MP: 3/3
  1610 | D:2      | Reached skill level 5 in Axes
  1954 | D:3      | Found a runed translucent gate.
  1956 | D:3      | Found a runed translucent gate.
  1957 | D:3      | Found a runed translucent gate.
  1957 | D:3      | Noticed sasquatch's ghost (amateur GrFi)
  2060 | D:3      | Noticed a phantom
  2086 | D:3      | Killed a phantom
  2087 | D:3      | Reached skill level 1 in Throwing
  2087 | D:3      | Reached XP level 4. HP: 41/41 MP: 4/4
  2087 | D:3      | Reached XP level 5. HP: 47/47 MP: 5/5
  2244 | D:3      | Found a faded altar of an unknown god.
  2294 | D:3      | Found a hazy altar of Hepliaklqana.
  2332 | D:3      | Found a stormy altar of Qazlal.
  2517 | D:2      | Succumbed to a gnoll's poison

Illustrated notes

Levels and vault maps discovered:
D:1:      arrival_aquarium_a, layout_loops_ring
D:2:      layout_basic, minmay_misc_feat_square
D:3:      layout_loops_ring, mainiacjoe_overflow_tiny_flanked,
          marbit_many_paths, gammafunk_ghost_necromancy,
          chequers_ecumenical_altar_simple, serial_bayou_pond_c

Skill      XL: |  1  2  3  4  5 |
---------------+----------------+-----
Fighting       | 4 |  4.4
Axes           | 5 |  5.9
Throwing       | 1 |  1.1
Stealth        | 2 |  2.1
Dodging        | 3 |  3.0

Action                   |  1- 3 |  4- 6 || total
-------------------------+-------+-------++-------
Melee: Hand axe          |   157 |    32 ||   189
Throw: Stone             |    52 |     6 ||    58
  Use: Scroll            |     3 |     1 ||     4
 Stab: Sleeping          |     4 |     3 ||     7
Armor: Robe              |    62 |     9 ||    71
Dodge: Dodged            |   112 |    23 ||   135
